 Dungeon Crawl Stone Soup version 0.27.1-33-g824d729ab1 (webtiles) character file.

Game seed: 13028709174077570069

36 zeram the Sneak (level 3, 0/21 HPs)
             Began as an Octopode Enchanter on Dec 11, 2021.
             Slain by an ogre (21 damage)
             ... on level 2 of the Dungeon.
             The game lasted 00:01:49 (1669 turns).

zeram the Sneak (Octopode Enchanter)                Turns: 1669, Time: 00:01:50

Health: 0/21       AC:  1    Str:  7    XL:     3   Next: 37%
Magic:  6/6        EV: 13    Int: 18    God:
Gold:   52         SH:  0    Dex: 12    Spells: 0/6 levels left

rFire    . . .     SeeInvis .   a - +1 dagger
rCold    . . .     Faith    .   (no shield)
rNeg     . . .     Spirit   .   (helmet restricted)
rPois    .         Reflect  .   (no amulet)
rElec    .         Harm     .   (no ring)
rCorr    .         Rampage  .   (no ring)
Will     .....                  (no ring)
Stlth    ++++......             (no ring)
HPRegen  0.07/turn              (no ring)
MPRegen  0.10/turn              (no ring)
                                (no ring)
                                (no ring)

@: no status effects
A: almost no armour, amphibious, 8 rings, camouflage 1, gelatinous body 1,
(nimble swimmer 1), tentacles
a: no special abilities


You were on level 2 of the Dungeon.
You visited 1 branch of the dungeon, and saw 2 of its levels.

You collected 52 gold pieces.

Inventory:

Hand Weapons
 a - a +1 dagger (weapon)
Scrolls
 d - a scroll of immolation {unknown}
Potions
 b - a potion of haste {unknown}
 c - a potion of heal wounds {unknown}
 e - a potion of ambrosia {unknown}


   Skills:
 - Level 0.2 Fighting
 - Level 1.1 Short Blades
 + Level 2.2 Dodging
 + Level 4.9 Stealth
 - Level 2.2 Spellcasting
 + Level 3.3 Hexes


You couldn't memorise any spells.
You knew the following spells:

 Your Spells              Type           Power      Damage    Failure   Level
a - Corona                Hex            15%        N/A       4%          1
b - Ensorcelled Hibernat  Hex/Ice        16%        N/A       14%         2
c - Tukima's Dance        Hex            14%        N/A       13%         3

Your spell library contained the following spells:

 Spells                   Type           Power      Damage    Failure   Level
 Confusing Touch          Hex            14%        N/A       13%         3
 Dazzling Flash           Conj/Hex       16%        N/A       26%         3


Dungeon Overview and Level Annotations

Branches:
Dungeon (2/15)

Altars:


Innate Abilities, Weirdness & Mutations

You cannot wear most types of armour.
You are amphibious.
You can wear up to eight rings at the same time.
Your skin changes colour to match your surroundings (Stealth+).
Your rubbery body absorbs attacks. (AC +1, EV +1)
((You are camouflaged near water. (Stealth+)))
You have tentacles for arms and can constrict up to eight enemies at once.


Message History

The rat misses you.
You barely miss the rat.
The rat is moderately wounded.
You constrict the rat. The rat closely misses you.
You hit the rat.
You kill the rat!
e - an amethyst potion A frilled lizard comes into view.
A frilled lizard is nearby!
A frilled lizard is nearby!
The frilled lizard bites you.
You hit the frilled lizard. You grab the frilled lizard.
The frilled lizard is heavily wounded.
You constrict the frilled lizard.
You kill the frilled lizard!
No target in view!
A hobgoblin comes into view.
You see here a frilled lizard corpse.
A hobgoblin is nearby!
A hobgoblin is nearby!
A hobgoblin is nearby!
An ogre comes into view. It is wielding a +0 giant club.
The ogre shouts!
The hobgoblin shouts!
You hit the hobgoblin. You grab the hobgoblin.
The hobgoblin is moderately wounded.
You constrict the hobgoblin, but do no damage.
The hobgoblin closely misses you.
You hit the hobgoblin.
The hobgoblin is severely wounded.
You constrict the hobgoblin. You hit the hobgoblin.
You kill the hobgoblin!
You hit the ogre.
The ogre is lightly wounded.
The ogre closely misses you.
You barely miss the ogre. You squeeze the ogre.
The ogre is lightly wounded.
The ogre hits you with a +0 giant club!!
Ouch! That really hurt!
You die...

.....#.....†#
........#.#.#
..........#.# ##########
##.....#.##.# #........#
###.#.#....# #........#
#.#.##.### #........#
#..)......
#......!.########.##.##.
#.....O@..........##..#
#######...........###.#
#...........###.#
#†..............#
#.###...##.###..# #.#
#.......# .#
#####.###.......# ..
#........#......# #
#........#......#


You could see an ogre.

Vanquished Creatures
  A bat (D:1)
  4 endoplasms
  7 giant cockroaches
  2 goblins (D:1)
  4 hobgoblins
  A quokka (D:1)
  4 ball pythons
  3 frilled lizards
  3 kobolds
  2 rats
31 creatures vanquished.

Vanquished Creatures (others)
  3 plants (D:1)
3 creatures vanquished.

Grand Total: 34 creatures vanquished

Notes
Turn   | Place    | Note
-------+----------+-------------------------------------------
     0 | D:1      | zeram the Octopode Enchanter began the quest for the Orb.
     0 | D:1      | Reached XP level 1. HP: 11/11 MP: 3/3
   105 | D:1      | Reached XP level 2. HP: 4/17 MP: 5/5
   634 | D:1      | Found a faded altar of an unknown god.
   825 | D:1      | Learned a level 2 spell: Ensorcelled Hibernation
  1000 | D:1      | Reached XP level 3. HP: 17/21 MP: 6/6
  1154 | D:1      | Learned a level 3 spell: Tukima's Dance
  1663 | D:2      | Noticed an ogre
  1669 | D:2      | Slain by an ogre

Illustrated notes

Levels and vault maps discovered:
D:1:      dpeg_arrival_round_c, layout_basic,
          shapermc_ecumenical_altar_mp_highgroup, serial_bayou,
          serial_bayou_ford_a, serial_bayou_pond_a, serial_bayou_shore_b,
          minmay_worlds_worst_comb
D:2:      layout_basic

Action                   || total
-------------------------++-------
Melee: Dagger            ||    64
       Tentacles         ||     9
       Constrict         ||    12
 Stab: Sleeping          ||    12
       Distracted        ||     2
Armor: Skin              ||     4
Dodge: Dodged            ||    35
